 Dungeon Crawl Stone Soup version 0.24.0-13-gcf9b319 (webtiles) character file.

Game seed: 15053175317786275924, levelgen mode: deterministic

36 Dietz the Scratcher (level 3, 0/15 HPs)
             Began as a Felid Transmuter on Nov 26, 2019.
             Slain by a white imp (4 damage)
             ... summoned by Natasha
             ... on level 2 of the Dungeon.
             The game lasted 00:02:22 (1595 turns).

Dietz the Scratcher (Felid Transmuter)              Turns: 1595, Time: 00:02:23

Health: 0/15       AC:  1    Str:  6    XL:     3   Next: 19%
Magic:  6/7        EV: 18    Int: 14    God:
Gold:   67         SH:  0    Dex: 17    Spells: 3/6 levels left
                                        Lives:  0   Deaths: 0

rFire    . . .     SeeInvis +     - Unarmed
rCold    . . .     Gourm    .   (shield unavailable)
rNeg     . . .     Faith    .   (armour unavailable)
rPois    .         Spirit   .   (helmet unavailable)
rElec    .         Reflect  .   (cloak unavailable)
rCorr    .         Harm     .   (gloves unavailable)
MR       .....                  (boots unavailable)
Stlth    ++........             (no amulet)
HPRegen  0.05/turn              (no ring)
MPRegen  0.10/turn              (no ring)

@: appendage (expiring), quick
A: very small, no armour, no weapons or thrown items, stealth, claws 1, fangs 3,
horns 2, see invisible, carnivore, speed 1, shaggy fur 1, slow metabolism 1,
sharp paws
a: End Transformation


You were on level 2 of the Dungeon.
You were not hungry.
You had grown temporary horns.
You visited 1 branch of the dungeon, and saw 2 of its levels.

You collected 67 gold pieces.

Inventory:

Missiles
 a - 72 arrows
Scrolls
 b - 2 scrolls of identify {unknown}
 e - 2 scrolls of random uselessness {unknown}
 f - a scroll of amnesia {unknown}
 h - a scroll of teleportation {unknown}
 j - a scroll of immolation {unknown}
Potions
 d - a potion of brilliance {unknown}
 g - a potion of degeneration {unknown}
 i - a potion of cancellation {unknown}
Comestibles
 c - 10 rations


   Skills:
 - Level 1.0 Fighting
 - Level 2.6 Dodging
 + Level 4.3 Unarmed Combat
 - Level 2.0 Spellcasting
 - Level 2.1 Transmutations


You had 3 spell levels left.
You knew the following spells:

 Your Spells              Type           Power        Failure   Level  Hunger
a - Beastly Appendage     Tmut           #.....       10%         1    ##.....
b - Sticks to Snakes      Tmut           #.......     14%         2    ###....

Your spell library contained the following spells:

 Spells                   Type           Power        Failure   Level  Hunger
 Spider Form              Tmut/Pois      #.........   41%         3    ####...
 Ice Form                 Ice/Tmut       #.......     83%         4    #####..
 Blade Hands              Tmut           #.........   95%         5    ######.


Dungeon Overview and Level Annotations

Branches:
Dungeon (2/15)

Altars:

Annotations:
D:2 Natasha


Innate Abilities, Weirdness & Mutations

You cannot wear armour.
You are incapable of wielding weapons or throwing items.
Your paws allow you to move quietly. (Stealth)
You have sharp claws.
You have razor-sharp teeth.
You have supernaturally acute eyesight. (SInv)
You are carnivorous and can eat meat at any time.
You cover ground quickly.
You are covered in fur. (AC +1)
You have a slow metabolism.
Your sharp claws are effective at attacking unaware monsters.
You have a pair of horns on your head.


Message History

Natasha mumbles some strange words.
The hobgoblin barely misses you.
You closely miss Natasha.
Natasha is severely wounded.
Natasha completely misses you.
Unknown command.
You scratch Natasha.
Natasha is almost dead.
The hobgoblin closely misses you. Natasha closely misses you.
The white imp hits you. The white imp freezes you.
You miss Natasha. Your headbutt misses Natasha.
Natasha is almost dead.
The hobgoblin misses you. Natasha misses you.
Unknown command.
You barely miss Natasha. Your headbutt misses Natasha.
Natasha is almost dead.
The white imp hits you.
* * * LOW HITPOINT WARNING * * *
The white imp freezes you.
You die...

. ##### ##..
#...# ...<
####...#..##..
#.....@hr.....
##.##..5g######
##..##.....# #
#..###...#...
## #.##
#...####.# .###
####.# ##### .#
...###....# .
##.....####
###...##


You could see Natasha, a white imp, a hobgoblin and a rat.

Vanquished Creatures
  An adder (D:2)
  An ooze (D:1)
  A leopard gecko (D:1)
  A giant cockroach (D:1)
  3 goblins
  5 hobgoblins
  2 ball pythons
  2 bats (D:1)
  A frilled lizard (D:1)
  A kobold (D:1)
  3 rats
21 creatures vanquished.

Notes
Turn   | Place    | Note
-------+----------+-------------------------------------------
     0 | D:1      | Dietz the Felid Transmuter began the quest for the Orb.
     0 | D:1      | Reached XP level 1. HP: 9/9 MP: 4/4
   618 | D:1      | Reached XP level 2. HP: 7/12 MP: 4/6
   622 | D:1      | Learned a level 2 spell: Sticks to Snakes
  1344 | D:2      | Reached skill level 4 in Unarmed Combat
  1584 | D:2      | Noticed Natasha
  1587 | D:2      | Reached XP level 3. HP: 15/15 MP: 5/7
  1595 | D:2      | Slain by a white imp

Levels and vault maps discovered:
D:1:      dpeg_arrival_tiny_c, layout_basic, serial_co_window_serial,
          co_window_paths_a, co_window_of_opportunity_a, co_window_paths_a,
          co_window_of_opportunity_a, co_window_corner_a, co_window_paths_b,
          co_window_paths_a, co_window_corner_b, co_window_corner_cb,
          co_window_corner_ca, co_window_paths_d, co_window_4corner_a,
          glass_columns_a, glass_columns_a, glass_columns_c
D:2:      layout_rooms, first_ration, uniq_natasha

Skill      XL: |  1  2 |
---------------+-------+-----
Unarmed Combat | 4 |  4.3
Fighting       | |  1.0
Dodging        | |  2.6
Spellcasting   | |  2.0
Transmutations | |  2.1

Action                   || total
-------------------------++-------
Melee: Unarmed           ||    58
       Headbutt          ||     7
       Bite              ||     2
       Punch             ||     1
 Cast: Beastly Appendage ||    16
 Stab: Sleeping          ||     4
  Eat: Chunk             ||     3
Armor: Skin              ||     2
Dodge: Dodged            ||    43
